 Dungeon Crawl Stone Soup version 0.27-a0-1438-g9b7c6745da (webtiles) character file.

Game seed: 14769481249720523136

115 2tc the Ruffian (level 4, -10/35 HPs)
             Began as a Draconian Transmuter on July 4, 2021.
             Killed from afar by Ijyb (12 damage)
             ... with a puff of flame
             ... on level 3 of the Dungeon.
             The game lasted 00:03:47 (1958 turns).

2tc the Ruffian (Draconian Transmuter)              Turns: 1958, Time: 00:03:48

Health: -10/35     AC:  5    Str: 13    XL:     4   Next: 68%
Magic:  7/7        EV: 12    Int: 13    God:
Gold:   112        SH:  0    Dex: 12    Spells: 4/7 levels left

rFire    . . .     SeeInvis .     - Unarmed
rCold    . . .     Faith    .   (no shield)
rNeg     . . .     Spirit   .   (armour unavailable)
rPois    .         Reflect  .   (helmet restricted)
rElec    .         Harm     .   (no cloak)
rCorr    .         Rampage  .   (no gloves)
Will     .....                  (no boots)
Stlth    +.........             (no amulet)
HPRegen  0.11/turn              (no ring)
MPRegen  0.10/turn              (no ring)

@: no status effects
A: AC +5, unfitting armour, cold-blooded
a: no special abilities


You were on level 3 of the Dungeon.
You visited 1 branch of the dungeon, and saw 3 of its levels.

You collected 112 gold pieces.

Inventory:

Jewellery
 c - a +6 ring of strength
Scrolls
 b - a scroll of immolation
Potions
 a - a potion of brilliance {unknown}
 d - 3 potions of magic
 e - 2 potions of flight {unknown}


   Skills:
 - Level 1.1 Fighting
 - Level 1.7 Dodging
 * Level 5.5 Unarmed Combat
 - Level 2.0 Spellcasting
 - Level 2.0 Transmutations


You had 4 spell levels left.
You knew the following spells:

 Your Spells              Type           Power      Damage    Failure   Level
a - Beastly Appendage     Tmut           12%        N/A       11%         1
b - Wereblood             Tmut           6%         N/A       17%         2

Your spell library contained the following spells:

 Spells                   Type           Power      Damage    Failure   Level
 Spider Form              Tmut/Pois      1%         N/A       45%         3
 Portal Projectile        Hex/Tloc       2%         N/A       58%         3
 Ice Form                 Ice/Tmut       3%         N/A       86%         4
 Blade Hands              Tmut           3%         N/A       97%         5
 Excruciating Wounds      Necr           0%         N/A       100%        5


Dungeon Overview and Level Annotations

Branches:
Dungeon (3/15)

Altars:

Annotations:
D:3 Ijyb


Innate Abilities, Weirdness & Mutations

Your plain brown scales are hard. (AC +5)
You cannot fit into any form of body armour.
You are cold-blooded and may be slowed by cold attacks.


Message History

The puff of flame hits you but does no damage.
You closely miss Ijyb. Your kick misses Ijyb.
Ijyb is heavily wounded.
Ijyb hits you but does no damage.
You hit Ijyb.
Ijyb is heavily wounded.
Ijyb drinks a potion.
Ijyb is healed!
You barely miss Ijyb.
Ijyb zaps a wand.
The puff of flame hits you.
You hit Ijyb. Your kick misses Ijyb. Your headbutt misses Ijyb.
Ijyb is moderately wounded.
Ijyb screams, "Me stronger than you!" Ijyb barely misses you.
You closely miss Ijyb.
Ijyb is moderately wounded.
Your horns disappear.
Your talons disappear.
Ijyb hits you but does no damage.
You hit Ijyb.
Ijyb is heavily wounded.
Ijyb hits you with a +0 club.
You closely miss Ijyb.
Ijyb is heavily wounded.
You hit Ijyb but do no damage.
Ijyb is heavily wounded.
Ijyb zaps a wand.
The puff of flame hits you!
You barely miss Ijyb.
Your tail-slap misses Ijyb.
Ijyb is heavily wounded.
Ijyb hits you but does no damage.
You barely miss Ijyb.
Ijyb is heavily wounded.
Ijyb closely misses you.
You hit Ijyb but do no damage.
Your tail-slap misses Ijyb.
Ijyb is heavily wounded.
Ijyb hits you with a +0 club.
* * * LOW HITPOINT WARNING * * *
You hit Ijyb.
Ijyb is heavily wounded.
Ijyb zaps a wand.
The puff of flame hits you!
* * * LOW HITPOINT WARNING * * *
Ijyb zaps a wand.
The puff of flame hits you!
You die...

#..##.##.### #..#§#§#...#
# #..#§§§#...# .#
#..#§§§#...##.##
#.##§##.......#
#...#§.....###.
#######..)§§..#.# #
........#######)###.##..#
#####...# #.@.g.....#
#.#.# #.#.#.##.## #.#.#
#.....# #.#.# ###.###
#.#.# #.# ##.#.### #.#
#......### #.#
####......... (..
...........##


You could see Ijyb.

Vanquished Creatures
  2 orc wizards (D:3)
  An adder (D:3)
  6 orcs (D:3)
  5 ball pythons
  2 bats
  4 endoplasms
  A giant cockroach (D:2)
  5 goblins
  3 hobgoblins
  7 kobolds
  6 quokkas
  2 frilled lizards (D:2)
  3 rats
47 creatures vanquished.

Notes
Turn   | Place    | Note
-------+----------+-------------------------------------------
     0 | D:1      | 2tc the Draconian Transmuter began the quest for the Orb.
     0 | D:1      | Reached XP level 1. HP: 16/16 MP: 3/3
   210 | D:1      | Reached XP level 2. HP: 23/23 MP: 3/5
   213 | D:1      | Learned a level 2 spell: Wereblood
   573 | D:1      | Reached skill level 4 in Unarmed Combat
  1016 | D:2      | Reached XP level 3. HP: 26/28 MP: 4/6
  1776 | D:3      | Reached XP level 4. HP: 35/35 MP: 4/7
  1783 | D:3      | Reached skill level 5 in Unarmed Combat
  1938 | D:3      | Noticed Ijyb
  1958 | D:3      | Killed from afar by Ijyb

Illustrated notes

Levels and vault maps discovered:
D:1:      sevenhm_arrival_forest_fort_small_4, layout_basic, minivault_26,
          minmay_misc_feat_tower
D:2:      layout_basic
D:3:      layout_loops_ring, minmay_distorted, uniq_ijyb

Skill      XL: |  1  2  3  4 |
---------------+-------------+-----
Unarmed Combat | 4 5 |  5.5
Fighting       | |  1.1
Dodging        | |  1.7
Spellcasting   | |  2.0
Transmutations | |  2.0

Action                   |  1- 3 |  4- 6 || total
-------------------------+-------+-------++-------
Melee: Unarmed           |   104 |    38 ||   142
       Kick              |    10 |     6 ||    16
       Tailslap          |     5 |     5 ||    10
       Headbutt          |     7 |     4 ||    11
       Punch             |     1 |       ||     1
 Cast: Beastly Appendage |    23 |     5 ||    28
       Wereblood         |     1 |     1 ||     2
  Use: Scroll            |     4 |     3 ||     7
 Stab: Sleeping          |     1 |       ||     1
Armor: Skin              |    31 |    13 ||    44
Dodge: Dodged            |    54 |    12 ||    66

Table legend: (Time is in decaauts)
 A = Elapsed time spent in this place.
 B = Non-inter-level travel time spent in this place.
 C = Inter-level travel time spent in this place.
 D = Time resting spent in this place.
 E = Time spent auto-exploring this place.
 F = Levels seen in this place.
 G = Mean time per level.
                   A        B        C        D        E       F      G
               +--------+--------+--------+--------+--------+-----+--------+
         Total |   1959 |   1917 |     42 |     38 |   1559 |   3 |  653.0 |
       Dungeon |   1959 |   1917 |     42 |     38 |   1559 |   3 |  653.0 |
               +--------+--------+--------+--------+--------+-----+--------+

Top non-repeatable levels by time:
     D:2: 1019 daAuts
     D:1: 724 daAuts
     D:3: 216 daAuts
